 Dungeon Crawl Stone Soup version 0.31.0-12-g77e489cdc1 (webtiles) character file.

Game seed: 10665361423962612013

89 James the Magician (level 4, -1/24 HPs)
             Began as a Deep Elf Earth Elementalist on Feb 11, 2024.
             Slain by an orc priest
             ... wielding a +0 mace
              (3 damage)
             ... on level 2 of the Dungeon.
             The game lasted 00:04:34 (1781 turns).

James the Magician (Deep Elf Earth Elementalist)    Turns: 1781, Time: 00:04:34

Health: -1/24      AC:  2    Str:  5    XL:     4   Next: 31%
Magic:  4/12       EV: 12    Int: 22    God:
Gold:   53         SH:  0    Dex: 15    Spells: 7/11 levels left

rFire   . . .        a - +2 dagger (venom)
rCold   . . .        (no shield)
rNeg    . . .        k - +0 robe
rPois   .            (no helmet)
rElec   .            (no cloak)
rCorr   .            (no gloves)
SInv    .            (no boots)
Will    .....        (no amulet)
Stlth   ++           (no ring)
HPRegen 0.24/turn    (no ring)
MPRegen 0.13/turn

%: no passive effects
@: very slightly contaminated
A: no striking features
a: no special abilities


You were on level 2 of the Dungeon.
You visited 1 branch of the dungeon, and saw 2 of its levels.

You collected 53 gold pieces.

Inventory:

Hand Weapons
 a - a +2 dagger of venom (weapon)
   (You took it off a kobold on level 1 of the Dungeon)
 e - a +0 club
   (You took it off a kobold on level 1 of the Dungeon)
 l - a +0 short sword
   (You took it off a kobold on level 1 of the Dungeon)
 o - a +2 dagger of speed
   (You took it off a kobold on level 2 of the Dungeon)
Missiles
 f - 29 stones
Armour
 g - a +0 ring mail
   (You found it on level 1 of the Dungeon)
 h - a +0 robe
   (You found it on level 1 of the Dungeon)
 k - a +0 robe (worn)
 p - a +0 ring mail
   (You found it on level 2 of the Dungeon)
Scrolls
 c - a scroll of immolation {unknown}
 d - 3 scrolls of identify {unknown}
 m - a scroll of enchant armour {unknown}
 n - 2 scrolls of blinking {unknown}
 q - a scroll of revelation {unknown}
 r - a scroll of amnesia {unknown}
 s - a scroll of torment {unknown}
Potions
 i - a potion of heal wounds {unknown}
 j - 2 potions of lignification {unknown}


   Skills:
 - Level 2.4 Dodging
 - Level 2.4 Stealth
 + Level 4.3 Spellcasting
 * Level 3.1 Conjurations
 - Level 4.0 Earth Magic


You had 7 spell levels left.
You knew the following spells:

 Your Spells              Type           Power      Damage    Failure   Level
a - Sandblast             Erth           44%        2d11      2%          1
x - Stone Arrow           Conj/Erth      40%        3d9       8%          3

Your spell library contained the following spells:

 Spells                   Type           Power      Damage    Failure   Level
 Passwall                 Erth           22%        N/A       6%          3
 Brom's Barrelling Bould  Conj/Erth      20%        2d4       24%         4
 Petrify                  Alch/Erth      13%        N/A       43%         4


Dungeon Overview and Level Annotations

Branches:
Dungeon (2/15)

Altars:
Dithmenos


Message History

Aim: an orc wizard, wielding a +0 dagger and wearing a +0 robe (heavily wounded, 79% to hit)
The blast of sand hits the orc wizard.
The orc wizard hits you with a +0 dagger.
Press: ? - help, Shift-Dir - straight line, f/p - orc wizard
Aim: an orc wizard, wielding a +0 dagger and wearing a +0 robe (heavily wounded, 79% to hit)
You miscast Sandblast.
You are very lightly contaminated with residual magic.
Nothing appears to happen.
The orc wizard hits you with a +0 dagger.
* * * LOW HITPOINT WARNING * * *
Press: ? - help, Shift-Dir - straight line, f/p - orc wizard
Aim: an orc wizard, wielding a +0 dagger and wearing a +0 robe (heavily wounded, 60% to hit)
The stone arrow hits the orc wizard.
The orc wizard hits you with a +0 dagger.
* * * LOW HITPOINT WARNING * * *
You don't have enough magic to cast this spell.
You hit the orc wizard.
You kill the orc wizard!
Your Conjurations skill increases to level 3!
You have reached level 4!
You feel clever.
You hit the orc but do no damage. The orc hits you with a +0 mace.
* * * LOW HITPOINT WARNING * * *
You hit the orc but do no damage. The orc closely misses you.
You hit the orc but do no damage.
The orc is poisoned.
The orc priest miscasts a cantrip.
The orc closely misses you.
Press: ? - help, Shift-Dir - straight line, f - orc
Aim: an orc, wielding a +0 mace and wearing a +0 ring mail (very poisoned, 85% to hit)
The blast of sand hits the orc but does no damage.
The orc completely misses you. The orc closely misses you.
Your magical contamination has completely faded away.
You barely miss the orc. The orc hits you with a +0 mace.
* * * LOW HITPOINT WARNING * * *
Magic courses through your body. The orc barely misses you.
Unknown command.
You don't know that spell.
Press: ? - help, Shift-Dir - straight line, f/p - orc
Aim: an orc, wielding a +0 mace and wearing a +0 ring mail (heavily wounded, very poisoned, 75% to hit)
The stone arrow hits the orc!
You kill the orc!
Press: ? - help, Shift-Dir - straight line, f - orc priest
Aim: an orc priest, wielding a +0 mace and wearing a +0 scale mail (75% to hit)
The stone arrow misses the orc priest.
The orc priest misses you.
Press: ? - help, Shift-Dir - straight line, f/p - orc priest
Aim: an orc priest, wielding a +0 mace and wearing a +0 scale mail (75% to hit)
You miscast Stone Arrow.
You are very lightly contaminated with residual magic.
Nothing appears to happen.
The orc priest hits you with a +0 mace.
You die...

.............#.#
#.############.#
...............#
###.........####
#.........# #.........#
#.........#
###.........############
................@o......
...####.....############
...# #.....# ...#
####### ...# ...# ...#
...# ...#


You could see an orc priest.

Vanquished Creatures
  An orc wizard (D:2)
  2 adders (D:2)
  2 dart slugs (D:1)
  3 orcs (D:2)
  6 ball pythons
  2 bats
  2 endoplasms (D:1)
  2 jackals (D:2)
  5 kobolds
  5 quokkas
  2 frilled lizards (D:1)
  2 goblins
  4 rats (D:1)
38 creatures vanquished.

Notes
Turn   | Place    | Note
-------+----------+-------------------------------------------
     0 | D:1      | James the Deep Elf Earth Elementalist began the quest for
                  | the Orb.
     0 | D:1      | Reached XP level 1. HP: 10/10 MP: 6/6
   222 | D:1      | Reached XP level 2. HP: 15/15 MP: 6/8
   998 | D:2      | Reached XP level 3. HP: 19/19 MP: 8/10
  1149 | D:2      | Learned a level 3 spell: Stone Arrow
  1516 | D:2      | Found a shadowy altar of Dithmenos.
  1773 | D:2      | Reached XP level 4. HP: 9/24 MP: 0/12
  1777 | D:2      | HP: 1/24 [orc/+0 mace (5)]
  1781 | D:2      | Slain by an orc priest

Illustrated notes

Levels and vault maps discovered:
D:1:      roderic_octagonal_star, layout_basic
D:2:      layout_basic, basic_altar, minmay_shallow_snake_nest, uniq_sigmund

Skill      XL: |  1  2  3 |
---------------+----------+-----
Conjurations   | 2 3 |  3.1
Spellcasting   | 4 |  4.3
Earth Magic    | 4 |  4.0
Dodging        | |  2.4
Stealth        | |  2.4

Action                     |  1- 3 |  4- 6 || total
---------------------------+-------+-------++-------
  Melee: Dagger            |     3 |     4 ||     7
   Cast: Sandblast         |    48 |     1 ||    49
         Stone Arrow       |     1 |     2 ||     3
    Use: Potion            |       |     1 ||     1
 Armour: Robe              |    11 |     3 ||    14
  Dodge: Dodged            |    16 |     6 ||    22
